 Dungeon Sprint DCSS version 0.23.2-11-gf996548c65 (webtiles) character file.

Game seed: 4960585510630204776

5680 diana the Blocker (level 10, -13/73 HPs)
             Began as a Gargoyle Fighter on June 5, 2019.
             Was the Champion of the Shining One.
             Mangled by Psyche
             ... wielding a +3 dagger of distortion
              (26 damage)
             ... in the Dungeon (Sprint IX: "|||||||||||||||||||||||||||||").
             The game lasted 00:03:23 (1110 turns).

diana the Blocker (Gargoyle Fighter)                Turns: 1110, Time: 00:03:24

Health: -13/73     AC: 24    Str: 29    XL:     10   Next: 75%
Magic:  10/10      EV: 11    Int:  9    God:    the Shining One [******]
Gold:   17         SH: 14    Dex:  9    Spells: 9/9 levels left

rFire    . . .     SeeInvis .   o - +2 morningstar (protect)
rCold    . . .     Gourm    .   c - +0 shield
rNeg     + + +     Faith    .   r - +1 chain mail
rPois    ∞         Spirit   .   y - +0 helmet
rElec    +         Reflect  .   (no cloak)
rCorr    .         Harm     .   t - +0 pair of gloves
MR       .....     NoTele   +   s - +0 pair of boots
Stlth    ..........             (no amulet)
HPRegen  0.22/turn              p - +3 ring of strength
MPRegen  0.12/turn              q - +3 ring of strength

@: corroded, protection aura, glowing
A: negative energy resistance 1, electricity resistance, unbreathing,
petrification resistance, rot immunity, AC +7
a: Divine Shield, Cleansing Flame, Summon Divine Warrior, Brand Weapon With Holy
Wrath, Renounce Religion


You were in the Dungeon.
You worshipped the Shining One.
The Shining One was exalted by your worship.
You were not hungry.

You visited 1 branch You collected 17 gold pieces.

Inventory:

Hand Weapons
 a - a +0 flail
 o - a +2 morningstar of protection (weapon)
Armour
 c - a +0 shield (worn)
 r - a +1 chain mail (worn)
 s - a +0 pair of boots (worn)
 t - a +0 pair of gloves (worn)
 y - a +0 helmet (worn)
Jewellery
 p - a +3 ring of strength (left hand)
 q - a +3 ring of strength (right hand)
Wands
 n - a wand of acid (10)
 z - a wand of enslavement (11)
Scrolls
 k - 2 scrolls of blinking
 l - 4 scrolls of remove curse
 m - 2 scrolls of amnesia
 u - 2 scrolls of fog
 v - a scroll of identify
 w - 2 scrolls of fear
 x - 2 scrolls of enchant armour
Potions
 b - 2 potions of resistance
 d - a potion of might
 e - 5 potions of curing
 g - 5 potions of heal wounds
 h - a potion of haste
 i - 4 potions of magic
 j - a potion of berserk rage
Comestibles
 f - 12 rations


   Skills:
 + Level 13.3 Fighting
 + Level 12.1 Maces & Flails
 + Level 13.3 Armour
 + Level 6.1 Dodging
 + Level 13.3 Shields


You had 9 spell levels left.
You didn't know any spells.
Your spell library was empty.

Dungeon Overview and Level Annotations

Branches:
Dungeon (1/1)

Altars:
Cheibriados
Dithmenos
Elyvilon
Fedhas
Gozag
Hepliaklqana
Kikubaaqudgha
Makhleb
Nemelex Xobeh
Okawaru
Qazlal
Ru
Sif Muna
Trog
Uskayaw
Vehumet
Wu Jian
Xom
Yredelemnul
Zin
The Shining One
Beogh
Jiyva
Lugonu

Annotations:
D Psyche


Innate Abilities, Weirdness & Mutations

You are resistant to torment.
Your stone body is resilient. (AC +7)
You are immune to poison.
You resist negative energy. (rN+)
You are resistant to electric shocks. (rElec)
You can survive without breathing.
You are immune to petrification.
You are immune to rotting.


Message History

Psyche zaps a wand.
The bolt of acid misses you. You block Psyche's attack.
You hit Psyche but do no damage.
Psyche is moderately wounded.
Psyche zaps a wand.
The bolt of acid hits you but does no damage.
The acid corrodes you!
You are splashed with acid!
You are too injured to fight recklessly!
You are too injured to fight recklessly!
You are too injured to fight recklessly!
Your shield and chain mail prevent you from hitting Psyche.
Psyche is moderately wounded.
Psyche barely misses you. You block Psyche's attack.
You hit Psyche.
Psyche is heavily wounded.
Psyche zaps a wand.
The bolt of acid hits you. The acid corrodes you!
You are splashed with acid!
* * * LOW HITPOINT WARNING * * *
The now-empty wand crumbles to dust.
Psyche hits you but does no damage. Space warps horribly around you!!
You die...

▓▓▓▓▓▓▓▓▓▓▓▓▓▓▓▓▓▓▓▓▓▓▓▓
......@@................
▓▓▓▓▓▓▓▓▓▓▓▓▓▓▓▓▓▓▓▓▓▓▓▓▓▓▓▓▓▓▓▓▓
...†.........†.......†.†........(
▓▓▓▓▓▓▓▓▓▓▓▓▓▓▓▓▓▓▓▓▓▓▓▓▓▓▓▓▓▓▓▓▓
.................................
▓▓▓▓▓▓▓▓▓▓▓▓▓▓▓▓▓▓▓▓▓▓▓▓▓▓▓▓▓▓▓▓▓
_______________________'!.|)[....
▓▓▓▓▓▓▓▓▓▓▓▓▓▓▓▓▓▓▓▓▓▓▓▓▓▓▓▓▓▓▓▓▓


You could see Psyche.

Vanquished Creatures
  A cyclops (D)
  Maurice (D)
  4 spiny frogs (D)
  A black mamba (D)
  A komodo dragon (D)
  2 tyrant leeches (D)
  A polar bear (D)
  3 hippogriffs (D)
  2 blink frogs (D)
  A yak (D)
  2 vampire mosquitoes (D)
  4 water moccasins (D)
  A porcupine (D)
  An orc warrior (D)
  A sky beast (D)
  A phantom (D)
  2 crocodiles (D)
  A big kobold (D)
  4 bullfrogs (D)
  2 howler monkeys (D)
  A jelly (D)
  An iguana (D)
  2 worker ants (D)
  An adder skeleton (D)
  A worm (D)
  A ball python (D)
  A bat skeleton (D)
  A bat zombie (D)
  A giant cockroach (D)
  A hobgoblin (D)
  A frilled lizard (D)
  A rat (D)
49 creatures vanquished.

Notes
Turn   | Place    | Note
-------+----------+-------------------------------------------
     0 | D        | diana the Gargoyle Fighter began the quest for the Orb.
     0 | D        | Reached XP level 1. HP: 14/14 MP: 1/1
    20 | D        | Noticed a jelly
    20 | D        | Noticed a phantom
    20 | D        | Noticed a worker ant
    28 | D        | Reached XP level 2. HP: 4/20 MP: 2/2
    38 | D        | Reached XP level 3. HP: 7/25 MP: 3/3
    45 | D        | Reached skill level 5 in Fighting
    45 | D        | Reached skill level 5 in Armour
    45 | D        | Reached skill level 5 in Shields
    45 | D        | Reached XP level 4. HP: 7/31 MP: 4/4
    68 | D        | Killed a phantom
    68 | D        | Reached skill level 5 in Maces & Flails
    68 | D        | Reached XP level 5. HP: 10/37 MP: 5/5
   188 | D        | Found a roughly hewn altar of Beogh.
   188 | D        | Found a snail-covered altar of Cheibriados.
   188 | D        | Found a shadowy altar of Dithmenos.
   188 | D        | Found a white marble altar of Elyvilon.
   188 | D        | Found a blossoming altar of Fedhas.
   188 | D        | Found an opulent altar of Gozag.
   189 | D        | Found a hazy altar of Hepliaklqana.
   190 | D        | Found a viscous altar of Jiyva.
   191 | D        | Found an ancient bone altar of Kikubaaqudgha.
   192 | D        | Found a corrupted altar of Lugonu.
   193 | D        | Found a burning altar of Makhleb.
   194 | D        | Found a sparkling altar of Nemelex Xobeh.
   291 | D        | Found an iron altar of Okawaru.
   292 | D        | Found a stormy altar of Qazlal.
   293 | D        | Found a sacrificial altar of Ru.
   294 | D        | Found a deep blue altar of Sif Muna.
   295 | D        | Found a bloodstained altar of Trog.
   296 | D        | Found a hide-covered altar of Uskayaw.
   297 | D        | Found a radiant altar of Vehumet.
   298 | D        | Found an ornate altar of the Wu Jian Council.
   299 | D        | Found a shimmering altar of Xom.
   300 | D        | Found a basalt altar of Yredelemnul.
   301 | D        | Found a glowing silver altar of Zin.
   302 | D        | Found a glowing golden altar of the Shining One.
   310 | D        | Became a worshipper of the Shining One
   363 | D        | Noticed a big kobold
   363 | D        | Reached * piety under the Shining One
   363 | D        | Noticed a sky beast
   363 | D        | Noticed a yak
   370 | D        | Killed a big kobold
   373 | D        | Reached XP level 6. HP: 44/44 MP: 6/6
   382 | D        | Killed a sky beast
   386 | D        | Killed a yak
   386 | D        | Reached XP level 7. HP: 46/50 MP: 7/7
   405 | D        | Reached ** piety under the Shining One
   405 | D        | Noticed a hippogriff
   405 | D        | Noticed a cyclops
   405 | D        | Reached *** piety under the Shining One
   423 | D        | Killed a hippogriff
   431 | D        | Killed a cyclops
   431 | D        | Reached skill level 10 in Fighting
   431 | D        | Reached skill level 10 in Armour
   431 | D        | Reached skill level 10 in Shields
   431 | D        | Reached XP level 8. HP: 56/58 MP: 8/8
   614 | D        | Noticed a komodo dragon
   614 | D        | Noticed a hippogriff
   614 | D        | Noticed a hippogriff
   614 | D        | Reached **** piety under the Shining One
   614 | D        | Noticed a black mamba
   620 | D        | Killed a komodo dragon
   622 | D        | Reached skill level 10 in Maces & Flails
   626 | D        | Killed a hippogriff
   626 | D        | Reached skill level 1 in Dodging
   626 | D        | Reached XP level 9. HP: 50/64 MP: 9/9
   637 | D        | Killed a black mamba
   763 | D        | Noticed a polar bear
   763 | D        | Reached ***** piety under the Shining One
   763 | D        | Noticed a spiny frog
   773 | D        | Noticed a spiny frog
   776 | D        | Killed a polar bear
   776 | D        | Noticed a spiny frog
   789 | D        | Killed a spiny frog
   789 | D        | Reached XP level 10. HP: 45/72 MP: 10/10
   797 | D        | Killed a spiny frog
   803 | D        | Killed a spiny frog
   803 | D        | Reached skill level 5 in Dodging
   958 | D        | Reached ****** piety under the Shining One
   959 | D        | Noticed a spiny frog
   985 | D        | Killed a spiny frog
  1042 | D        | Noticed Maurice
  1046 | D        | Killed Maurice
  1102 | D        | Noticed Psyche
  1110 | D        | Mangled by Psyche

Skill      XL: |  1  2  3  4  5  6  7  8  9 10 |
---------------+-------------------------------+-----
Fighting       | 4 5 6 7 8 10 11 12 13 | 13.3
Armour         | 4 5 6 7 8 10 11 12 13 | 13.3
Shields        | 4 5 6 7 8 10 11 12 13 | 13.3
Maces & Flails | 3 4 5 6 7 9 10 11 12 | 12.1
Dodging        | 1 4 6 |  6.1

Action                   |  1- 3 |  4- 6 |  7- 9 | 10-12 || total
-------------------------+-------+-------+-------+-------++-------
Melee: Flail             |    34 |     7 |       |       ||    41
       Morningstar       |       |    22 |    91 |    70 ||   183
  Use: Potion            |     1 |       |       |       ||     1
  Eat: Chunk             |       |       |       |     1 ||     1
Armor: Scale mail        |    17 |     2 |       |       ||    19
       Chain mail        |       |    10 |    38 |    21 ||    69
Dodge: Dodged            |     8 |     5 |    21 |    12 ||    46
Block: Shield            |    15 |    10 |    54 |    38 ||   117
